[Event "Titled Tuesday Blitz June 20 Late 2023"]
[White "Rasulov, Vugar"]
[Black "Sanal, Vahap"]
[WhiteFideId "13402390"]
[BlackFideId "6300545"]
[WhiteElo "2509"]
[BlackElo "2606"]
[Result "1/2-1/2"]
[Round "10"]
[TimeControl "180+2"]
[Date "2023.06.20"]
[WhiteClock "0:00:04"]
[BlackClock "0:00:10"]
[Board "7"]

1. d4 d5 2. Nf3 Nf6 3. Bf4 e6 4. e3 Bd6 5. Nbd2 Nc6 6. c3 O-O 7. Bd3 Qe7 8. Ne5 Nd7 9. Ndf3 f6 10. Nxd7 Bxd7 11. Bg3 e5 12. Bc2 Be6 13. dxe5 fxe5 14. h4 h6 15. Ng5 hxg5 16. Qh5 Bf5 17. Bxf5 Rxf5 18. hxg5 Qd7 19. O-O-O Raf8 20. Rxd5 Ne7 21. e4 Nxd5 22. Qh7+ Kf7 23. exf5 Ke8 24. f6 gxf6 25. Qe4 Ne7 26. gxf6 Rxf6 27. Qxb7 Rf8 28. Qxa7 Qc8 29. Qa4+ c6 30. Rd1 Qe6 31. Qe4 Rf6 32. a4 Qf5 33. f3 Qxe4 34. fxe4 Rg6 35. Bh4 Kd7 36. g3 Kc7 37. a5 Nc8 38. Rf1 Kb7 39. b4 Rg7 40. Kc2 Rd7 41. Kb3 Na7 42. c4 Bc7 43. g4 Rd3+ 44. Kc2 Rd4 45. Kb3 Rxe4 46. Rf7 Re3+ 47. Ka4 Kc8 48. Bf2 Re4 49. Bxa7 Rxc4 50. Bb6 Bd6 51. Kb3 Rxb4+ 52. Kc2 Rxg4 53. a6 Ra4 54. a7 e4 55. Kb3 Rb4+ 56. Kc2 Ra4 57. Rh7 e3 58. Kd3 Ra3+ 59. Ke2 c5 60. Rh6 Be7 61. Rh8+ Kb7 62. Rb8+ Kc6 63. a8=Q+ Rxa8 64. Rxa8 Kxb6 65. Kxe3 Bf6 66. Re8 Bd4+ 67. Ke4 Kc6 68. Re6+ Kb5 69. Kd5 Kb4 70. Re2 Kc3 71. Rh2 Kb4 72. Rh3 Bc3 73. Rh4+ Bd4 74. Rh3 Bc3 75. Rh7 Bd4 76. Rb7+ Kc3 77. Rb8 Be3 78. Rf8 Bd4 79. Rf7 Be3 80. Rf3 Kd3 81. Rh3 c4 82. Rxe3+ Kxe3 83. Kxc4 1/2-1/2


[Site "https://www.chess.com"]

[Event "Titled Tuesday Blitz June 20 Late 2023"]
[White "Bortnyk, Mykola"]
[Black "Babazada, Khazar"]
[WhiteFideId "14120836"]
[BlackFideId "13413554"]
[WhiteElo "2592"]
[BlackElo "2369"]
[Result "0-1"]
[Round "10"]
[TimeControl "180+2"]
[Date "2023.06.20"]
[WhiteClock "0:00:11"]
[BlackClock "0:01:28"]
[Board "8"]

1. d4 Nf6 2. e3 g6 3. Bd3 Bg7 4. f4 d6 5. Nf3 Nbd7 6. c4 O-O 7. Nc3 e5 8. fxe5 dxe5 9. d5 Nh5 10. e4 Nf4 11. O-O Qe7 12. Nxe5 Nh3+ 13. gxh3 Nxe5 14. Be2 Bxh3 15. Rf2 f5 16. Be3 f4 17. Bd2 Qh4 18. c5 f3 19. Bxf3 Bg4 20. Be1 Rxf3 21. Rxf3 Nxf3+ 22. Qxf3 Bd4+ 23. Kf1 Qxh2 24. Bg3 Qh3+ 25. Qg2 Rf8+ 26. Bf4 Rxf4+ 27. Ke1 Qxg2 0-1


[Site "https://www.chess.com"]

[Event "Titled Tuesday Blitz June 20 Late 2023"]
[White "Tristan, Leonardo"]
[Black "Eljanov, Pavel"]
[WhiteFideId "113816"]
[BlackFideId "14102951"]
[WhiteElo "2461"]
[BlackElo "2598"]
[Result "1-0"]
[Round "10"]
[TimeControl "180+2"]
[Date "2023.06.20"]
[WhiteClock "0:00:47"]
[BlackClock "0:00:10"]
[Board "9"]

1. d4 d5 2. Nf3 Nf6 3. Bf4 c5 4. e3 Nc6 5. Nbd2 Bg4 6. c3 e6 7. Qb3 Qc8 8. Nh4 Be7 9. h3 Bh5 10. g4 Bg6 11. Nxg6 hxg6 12. Bg2 Qd7 13. O-O cxd4 14. cxd4 Bd6 15. Bxd6 Qxd6 16. Qxb7 Rb8 17. Nc4 dxc4 18. Qxc6+ Qxc6 19. Bxc6+ Ke7 20. b3 Rxh3 21. bxc4 Nxg4 22. Rfb1 Rhh8 23. Rb3 Rhc8 24. Bf3 Nf6 25. Rab1 Rxb3 26. axb3 e5 27. Ra1 Rc7 28. Kf1 g5 29. Ra5 exd4 30. exd4 g4 31. Bg2 g6 32. Ke2 Nd7 33. Kd3 f5 34. Ra6 Nf6 35. d5 f4 36. d6+ 1-0


[Site "https://www.chess.com"]

[Event "Titled Tuesday Blitz June 20 Late 2023"]
[White "Tsaruk, Maksim"]
[Black "Bluebaum, Matthias"]
[WhiteFideId "13511173"]
[BlackFideId "24651516"]
[WhiteElo "2363"]
[BlackElo "2639"]
[Result "1-0"]
[Round "10"]
[TimeControl "180+2"]
[Date "2023.06.20"]
[WhiteClock "0:00:06"]
[BlackClock "0:00:08"]
[Board "10"]

1. e4 e6 2. d4 d5 3. Nd2 c5 4. Ngf3 Nf6 5. exd5 Nxd5 6. g3 Nc6 7. dxc5 Bxc5 8. Ne4 Be7 9. Bg2 O-O 10. O-O f5 11. Ned2 e5 12. Nxe5 Nxe5 13. Nc4 Nc3 14. Qxd8 Ne2+ 15. Kh1 Rxd8 16. Nxe5 Bf6 17. Bf4 g5 18. Rae1 Nxf4 19. gxf4 gxf4 20. c4 Kf8 21. Bd5 Re8 22. Nd3 Bd7 23. b3 Bc3 24. Rc1 Bd4 25. Bxb7 Rab8 26. Bf3 Rb6 27. c5 Rh6 28. c6 Bc8 29. c7 Ree6 30. Rfd1 Rd6 31. b4 Rh3 32. Kg2 Rdh6 33. Rh1 R3h4 34. a4 Ke7 35. Rc4 Rg6+ 36. Kf1 Rd6 37. Ke2 Rhh6 38. Rg1 Rhe6+ 39. Kf1 Bf6 40. Nc5 Re5 41. Rg8 Rxc5 42. bxc5 Kd7 43. cxd6 Ba6 44. Be2 Kxd6 45. Rc1 f3 46. Bxa6 Ke5 47. c8=Q Kf4 48. Rd1 Be5 49. Rd3 h5 50. Qc6 h4 51. Rxf3# 1-0


[Site "https://www.chess.com"]

[Event "Titled Tuesday Blitz June 20 Late 2023"]
[White "Fodor, Tamas Jr."]
[Black "Le, Tuan Minh"]
[WhiteFideId "723762"]
[BlackFideId "12401153"]
[WhiteElo "2504"]
[BlackElo "2566"]
[Result "0-1"]
[Round "10"]
[TimeControl "180+2"]
[Date "2023.06.20"]
[WhiteClock "0:00:23"]
[BlackClock "0:00:13"]
[Board "11"]

1. d4 d5 2. c4 c6 3. Nc3 Nf6 4. cxd5 cxd5 5. Bf4 Nc6 6. e3 a6 7. Bd3 Bg4 8. Nge2 e6 9. Rc1 Bxe2 10. Qxe2 Bd6 11. Bg5 h6 12. Bh4 Rc8 13. f4 Be7 14. O-O O-O 15. Qf3 Ne8 16. Bxe7 Qxe7 17. f5 Nf6 18. fxe6 fxe6 19. Qg3 Qc7 20. Qh3 Qd6 21. Ne2 e5 22. dxe5 Qxe5 23. Nf4 Rfe8 24. Rce1 Rc7 25. Ng6 Qxb2 26. g4 Qc3 27. g5 Qxd3 28. Nf4 Qe4 29. gxf6 gxf6 30. Kf2 Rg7 31. Rg1 Ne5 32. Rxg7+ Kxg7 33. Rg1+ Kh7 34. Nh5 Qc2+ 35. Kf1 Qd1+ 36. Kg2 Rg8+ 0-1


[Site "https://www.chess.com"]

[Event "Titled Tuesday Blitz June 20 Late 2023"]
[White "Riehle, Marco"]
[Black "Anton Guijarro, David"]
[WhiteFideId "12904392"]
[BlackFideId "2285525"]
[WhiteElo "2462"]
[BlackElo "2618"]
[Result "0-1"]
[Round "10"]
[TimeControl "180+2"]
[Date "2023.06.20"]
[WhiteClock "0:02:00"]
[BlackClock "0:00:40"]
[Board "12"]

1. e4 c6 2. c4 e5 3. d4 Nf6 4. Nc3 Bb4 5. f3 exd4 6. Qxd4 O-O 7. Bg5 d6 8. O-O-O Nbd7 9. Nge2 a5 10. h4 a4 11. a3 Bc5 12. Qd2 Qb6 13. Nd4 Nh5 14. Nf5 Ne5 15. Be3 Bxf5 16. Bxc5 dxc5 17. exf5 Ng3 18. Rh3 Nxf1 19. Rxf1 Nxc4 20. Qe2 Qb3 21. f4 Rfe8 22. Qf2 Rad8 23. Rd1 Rxd1+ 24. Nxd1 Qa2 25. Rd3 Na5 26. g4 Nb3+ 27. Kc2 Qa1 28. Rxb3 axb3+ 0-1


[Site "https://www.chess.com"]

[Event "Titled Tuesday Blitz June 20 Late 2023"]
[White "Makhnev, Denis"]
[Black "Nazari, Arad"]
[WhiteFideId "13707647"]
[BlackFideId "12577324"]
[WhiteElo "2515"]
[BlackElo "2175"]
[Result "0-1"]
[Round "10"]
[TimeControl "180+2"]
[Date "2023.06.20"]
[WhiteClock "0:00:40"]
[BlackClock "0:00:05"]
[Board "13"]

1. d4 Nf6 2. Nc3 d5 3. Bf4 g6 4. h4 Bg7 5. h5 Nxh5 6. Rxh5 gxh5 7. e3 Bg4 8. Be2 Qd7 9. Nf3 Nc6 10. Nb5 Rc8 11. Qd2 a6 12. Nc3 f6 13. O-O-O O-O 14. Bg3 Rcd8 15. Kb1 e5 16. Bh4 exd4 17. exd4 Rde8 18. Rg1 Ne7 19. Bg3 Ng6 20. Bd3 f5 21. Ne5 Nxe5 22. Bxe5 Bxe5 23. dxe5 f4 24. Nxd5 Rxe5 25. Nxf4 Qg7 26. f3 Bxf3 27. Bc4+ Kh8 28. Ne6 Rxe6 29. Bxe6 Bg4 30. Bb3 Qf6 31. a4 Rd8 32. Qe3 Kg7 33. Re1 Rd1+ 34. Rxd1 Bxd1 35. Qg3+ Kh6 36. Qxc7 Qf1 37. Ka2 Bg4 38. Qxb7 Kg5 39. Qe7+ Qf6 40. Qxf6+ Kxf6 41. Bd5 Ke5 42. Bb7 a5 43. c3 h4 44. b4 axb4 45. cxb4 h3 46. gxh3 Bxh3 47. a5 Kd6 48. Be4 h5 49. Kb3 Bf1 50. Ka4 h4 51. b5 Kc7 52. b6+ Kd6 53. Kb4 h3 54. Kc3 Bg2 55. Kd4 Bxe4 56. a6 h2 57. a7 Bb7 58. a8=Q Bxa8 59. b7 Bxb7 60. Ke3 h1=Q 0-1


[Site "https://www.chess.com"]

[Event "Titled Tuesday Blitz June 20 Late 2023"]
[White "Oro, Faustino"]
[Black "Xiong, Jeffery"]
[WhiteFideId "20000197"]
[BlackFideId "2047640"]
[WhiteElo "1984"]
[BlackElo "2726"]
[Result "0-1"]
[Round "10"]
[TimeControl "180+2"]
[Date "2023.06.20"]
[WhiteClock "0:00:18"]
[BlackClock "0:01:43"]
[Board "14"]

1. Nf3 c5 2. e4 d6 3. d4 cxd4 4. Nxd4 Nf6 5. Nc3 a6 6. Be2 e5 7. Nb3 Be7 8. O-O O-O 9. Be3 Be6 10. Qd3 Nbd7 11. Nd5 Bxd5 12. exd5 Ne8 13. c4 Rc8 14. Rac1 Bg5 15. Nd2 f5 16. f4 exf4 17. Bxf4 Ne5 18. Qd4 Qf6 19. Bg3 Nxc4 20. Qxf6 Nxf6 21. Rxc4 Bxd2 22. Bxd6 Rxc4 23. Bxc4 Rc8 24. Bb3 Be3+ 25. Kh1 Ne4 26. Bg3 f4 27. d6+ Kf8 28. Bh4 g5 29. Bd5 Nd2 30. Bxg5 Nxf1 31. d7 Ng3+ 32. hxg3 Rc1+ 33. Kh2 fxg3+ 34. Kxg3 Bxg5 35. Bxb7 a5 0-1


[Site "https://www.chess.com"]

[Event "Titled Tuesday Blitz June 20 Late 2023"]
[White "Indjic, Aleksandar"]
[Black "Leon Oquendo, Jorge"]
[WhiteFideId "911925"]
[BlackFideId "3514803"]
[WhiteElo "2614"]
[BlackElo "2276"]
[Result "1-0"]
[Round "10"]
[TimeControl "180+2"]
[Date "2023.06.20"]
[WhiteClock "0:02:42"]
[BlackClock "0:01:38"]
[Board "15"]

1. c4 e5 2. Nf3 e4 3. Nd4 Nc6 4. e3 Nxd4 5. exd4 Nf6 6. Nc3 d5 7. d3 exd3 8. Bxd3 dxc4 9. Bxc4 Be7 10. O-O O-O 11. Re1 c6 12. Bf4 h6 13. Be5 Bf5 14. Qf3 Bg6 15. Qg3 Kh7 16. Rad1 Bd6 17. Bxd6 Nh5 18. Qe5 f6 19. Qe7 1-0


[Site "https://www.chess.com"]

[Event "Titled Tuesday Blitz June 20 Late 2023"]
[White "Grigoriants, Sergey"]
[Black "Haszon, David"]
[WhiteFideId "4130804"]
[BlackFideId "733610"]
[WhiteElo "2502"]
[BlackElo "2210"]
[Result "1-0"]
[Round "10"]
[TimeControl "180+2"]
[Date "2023.06.20"]
[WhiteClock "0:00:18"]
[BlackClock "0:00:30"]
[Board "16"]

1. d4 Nf6 2. c4 g6 3. f3 c5 4. d5 b5 5. e4 a6 6. Nc3 b4 7. Nce2 d6 8. Ng3 Bg7 9. f4 h5 10. Bd3 Bg4 11. Qa4+ Bd7 12. Qc2 h4 13. N3e2 h3 14. gxh3 Bxh3 15. Ng3 Nbd7 16. Nxh3 Rxh3 17. Qg2 Rh8 18. h4 Nh5 19. Ne2 Qa5 20. Kf2 O-O-O 21. Qf3 Rdf8 22. a3 Qb6 23. Be3 Bxb2 24. axb4 Bxa1 25. Rxa1 Nhf6 26. Qh3 Kc7 27. e5 dxe5 28. fxe5 Nxe5 29. Bxc5 Nxd3+ 30. Qxd3 Qb7 31. d6+ Kb8 32. dxe7 Rc8 33. Qd6+ Qc7 34. Qxf6 Qh2+ 35. Kf3 Qh3+ 36. Ng3 Qd7 37. Qb6+ Qb7+ 38. Qxb7+ Kxb7 39. Ne4 f5 40. Nd6+ Kc6 41. Rxa6+ Kd7 42. Nxc8 Rxc8 43. Rxg6 1-0


[Site "https://www.chess.com"]

[Event "Titled Tuesday Blitz June 20 Late 2023"]
[White "Licznerski, Lukasz"]
[Black "Harsh Suresh"]
[WhiteFideId "1179250"]
[BlackFideId "45018464"]
[WhiteElo "2453"]
[BlackElo "2209"]
[Result "0-1"]
[Round "10"]
[TimeControl "180+2"]
[Date "2023.06.20"]
[WhiteClock "0:00:00"]
[BlackClock "0:00:18"]
[Board "17"]

1. e4 c5 2. Nf3 g6 3. d4 cxd4 4. Nxd4 Nc6 5. c4 Nf6 6. Nc3 Nxd4 7. Qxd4 d6 8. Be3 Bg7 9. Be2 O-O 10. Qd2 a5 11. f3 a4 12. Rb1 Qa5 13. Nd5 Nxd5 14. cxd5 a3 15. Qxa5 Rxa5 16. b4 Ra8 17. Kd2 Bd7 18. Rhc1 Ba4 19. Rc7 Rfc8 20. Rbc1 Rxc7 21. Rxc7 Bb3 22. Bc4 Bxc4 23. Rxc4 b5 24. Rc7 h5 25. Kc2 e6 26. dxe6 fxe6 27. Kb3 d5 28. Ra7 Rc8 29. Bc5 dxe4 30. fxe4 Rd8 31. Kc2 Bb2 32. Rb7 Be5 33. h3 Bf4 34. Rxb5 Rd2+ 35. Kb3 Rxg2 36. Rb6 Rg3+ 37. Kc4 Kf7 38. Rb7+ Kf6 39. Be7+ Ke5 40. b5 Kxe4 41. b6 Rg2 42. Rd7 Rxa2 43. Rd4+ Kf5 44. Rxf4+ Kxf4 45. b7 Rb2 46. Bb4 a2 47. b8=Q+ e5 48. Qf8+ Kg3 49. Qa8 Kxh3 50. Bc3 Rg2 51. Qf3+ Rg3 52. Qh1+ Kg4 53. Bxe5 h4 54. Bxg3 Kxg3 55. Qg1+ Kh3 56. Kb3 g5 57. Kxa2 g4 58. Kb3 g3 59. Kc3 g2 60. Kd3 Kg3 61. Ke2 h3 62. Qe3+ Kh2 63. Qf2 Kh1 64. Kf3 g1=Q 65. Qe2 Qg2+ 66. Ke3 Qxe2+ 67. Kxe2 Kg2 0-1


[Site "https://www.chess.com"]

[Event "Titled Tuesday Blitz June 20 Late 2023"]
[White "Holt, Conrad"]
[Black "MaryanKyrychenko"]
[WhiteFideId "2034387"]
[WhiteElo "2592"]
[BlackElo "2575"]
[Result "1-0"]
[Round "10"]
[TimeControl "180+2"]
[Date "2023.06.20"]
[WhiteClock "0:02:02"]
[BlackClock "0:01:34"]
[Board "18"]

1. d4 Nf6 2. c4 e6 3. Nc3 Bb4 4. Qc2 O-O 5. e4 Bxc3+ 6. bxc3 d5 7. e5 Nfd7 8. Bd3 h6 9. cxd5 exd5 10. f4 c5 11. Nf3 Nc6 12. O-O cxd4 13. cxd4 Nb4 14. Bh7+ Kh8 15. Qb1 a5 16. a3 Nc6 17. Bd3 b6 18. f5 Ba6 19. Bxa6 Rxa6 20. f6 b5 21. fxg7+ Kxg7 22. Qxb5 Qb6 23. Qxd5 Rd8 24. Qe4 f5 25. Qxf5 Nxd4 26. Qg4+ 1-0


[Site "https://www.chess.com"]

[Event "Titled Tuesday Blitz June 20 Late 2023"]
[White "Lewtak, Damian"]
[Black "Cardoso Cardoso, Jose Gabriel"]
[WhiteFideId "1141724"]
[BlackFideId "4430492"]
[WhiteElo "2302"]
[BlackElo "2484"]
[Result "1-0"]
[Round "10"]
[TimeControl "180+2"]
[Date "2023.06.20"]
[WhiteClock "0:00:01"]
[BlackClock "0:00:14"]
[Board "19"]

1. e4 c5 2. Nf3 d6 3. Bb5+ Nd7 4. O-O a6 5. Bd3 Ngf6 6. Re1 e6 7. c3 b5 8. Bf1 c4 9. a4 Bb7 10. axb5 axb5 11. Rxa8 Qxa8 12. b3 Nxe4 13. Nd4 cxb3 14. Qxb3 Be7 15. Qxb5 O-O 16. Qxd7 Bh4 17. Re2 Bd5 18. c4 Bxc4 19. g3 Bxe2 20. Nxe2 Bf6 21. Nbc3 Nxc3 22. dxc3 d5 23. Be3 Rc8 24. Qb5 Bxc3 25. Nxc3 Rxc3 26. Bd4 Rc8 27. Qe2 Re8 28. Qe5 f6 29. Qd6 Qd8 30. Qc6 Qc8 31. Qd6 Rd8 32. Qe7 Qd7 33. Qc5 e5 34. Bb2 Kh8 35. Bd3 Rc8 36. Qa5 e4 37. Bf1 d4 38. Qd2 d3 39. f3 Rc2 40. Qb4 d2 41. Qf8# 1-0


[Site "https://www.chess.com"]

[Event "Titled Tuesday Blitz June 20 Late 2023"]
[White "Leitao, Rafael"]
[Black "Bjelobrk, Igor"]
[WhiteFideId "2101246"]
[BlackFideId "4300726"]
[WhiteElo "2609"]
[BlackElo "2319"]
[Result "1/2-1/2"]
[Round "10"]
[TimeControl "180+2"]
[Date "2023.06.20"]
[WhiteClock "0:00:12"]
[BlackClock "0:00:11"]
[Board "20"]

1. c4 c5 2. g3 g6 3. Bg2 Bg7 4. Nc3 Nc6 5. d3 d6 6. Qd2 Qd7 7. b3 b6 8. Bb2 Bb7 9. Nf3 Nf6 10. Nd5 O-O 11. Nxf6+ exf6 12. O-O d5 13. cxd5 Qxd5 14. Ne5 Qd6 15. Nxc6 Bxc6 16. Bxc6 Qxc6 17. Rac1 Qd6 18. a3 a5 19. Rc4 f5 20. Bxg7 Kxg7 21. Rfc1 Rfe8 22. b4 axb4 23. axb4 cxb4 24. e3 Ra4 25. Qb2+ Kg8 26. Rc8 Ra8 27. Rxe8+ Rxe8 28. d4 f4 29. gxf4 Qe6 30. Qxb4 Qg4+ 31. Kf1 Qh3+ 32. Ke2 Qxh2 33. Qxb6 Qxf4 34. Qc6 Qg4+ 35. Qf3 Qd7 36. Qc6 Qg4+ 37. Qf3 Qxd4 38. Rc7 Qb2+ 39. Kf1 Qb5+ 40. Kg2 Qg5+ 41. Kf1 Rf8 42. Rd7 Kg7 43. Rd5 Qf6 44. Qxf6+ Kxf6 45. Kg2 g5 46. f4 h6 47. fxg5+ hxg5 48. Kf3 Kg6 49. e4 f6 50. Rd6 Re8 51. Ke3 Re5 52. Kf3 Ra5 53. Rc6 Ra3+ 54. Kf2 Kf7 55. Rb6 g4 56. Rc6 Rf3+ 57. Ke2 Kg7 58. Rb6 Rf4 59. Ke3 Rf1 60. Ke2 Rf3 61. Ra6 Rh3 62. Rb6 Rh5 63. Ke3 Kg6 64. Kf4 Rg5 65. e5 Rxe5 66. Kxg4 Re4+ 67. Kf3 Ra4 68. Kg3 Kg5 69. Kf3 f5 70. Rb8 Ra3+ 71. Kf2 Kg4 72. Rb4+ f4 73. Rb2 Rh3 74. Rb8 Rh2+ 75. Kg1 Ra2 76. Rb3 Re2 77. Kf1 Rd2 78. Ra3 Rd5 79. Rb3 Re5 80. Kf2 Re7 81. Ra3 Rh7 82. Rb3 Rh2+ 83. Kg1 Rh3 84. Rxh3 Kxh3 85. Kf2 Kg4 86. Kg2 f3+ 87. Kf2 Kf4 88. Kf1 Ke3 89. Ke1 f2+ 90. Kf1 Kf3 1/2-1/2


[Site "https://www.chess.com"]

[Event "Titled Tuesday Blitz June 20 Late 2023"]
[White "Bryakin, Mikhail"]
[Black "Sharan, Rao"]
[WhiteFideId "4165314"]
[BlackFideId "5073464"]
[WhiteElo "2464"]
[BlackElo "2149"]
[Result "0-1"]
[Round "10"]
[TimeControl "180+2"]
[Date "2023.06.20"]
[WhiteClock "0:00:00"]
[BlackClock "0:00:05"]
[Board "21"]

1. e4 c6 2. d4 d5 3. e5 c5 4. Nf3 Nc6 5. dxc5 Bf5 6. c3 a5 7. Bb5 Bg4 8. h3 Bxf3 9. Qxf3 e6 10. Be3 Qc7 11. Bd4 Ne7 12. O-O Ng6 13. Qe3 Be7 14. f4 O-O 15. Nd2 a4 16. b4 Nh4 17. g4 Rae8 18. Bxa4 f6 19. Bxc6 bxc6 20. Nf3 Nxf3+ 21. Rxf3 f5 22. g5 h6 23. h4 hxg5 24. hxg5 g6 25. Rh3 Kg7 26. a4 Rh8 27. Kg2 Rxh3 28. Qxh3 Rh8 29. Qf3 Qa7 30. a5 Qa6 31. Qf1 Qa8 32. Qf3 Rh4 33. Rh1 Rg4+ 34. Kf2 Qa6 35. Rg1 Rh4 36. Kg3 Rg4+ 37. Kh3 Rxg1 38. Bxg1 Qc4 39. Bd4 Bd8 40. Kg2 Bc7 41. Qf1 Qa2+ 42. Kg3 Qd2 43. a6 Bb8 44. Kf3 Ba7 45. Qe2 Qc1 46. Qf2 Qd1+ 47. Kg3 Qa1 48. Qe2 Qb1 49. Bf2 Qa1 50. Qd3 Qb2 51. Kg2 Qa2 52. Kf3 Qb2 53. Be1 Qa1 54. Bd2 Qh1+ 55. Ke2 Qg2+ 56. Kd1 Qg1+ 57. Be1 Qg4+ 58. Kc2 Qxf4 59. Qe2 Qxg5 60. b5 cxb5 61. Qxb5 Qg2+ 62. Bd2 Qe4+ 63. Kc1 Qh1+ 64. Kb2 Qg2 65. Kc1 Qg1+ 66. Kb2 Qxc5 67. Qxc5 Bxc5 68. c4 dxc4 69. Kc3 g5 70. Kxc4 Ba7 71. Bc3 Kg6 72. Bd4 Bb8 73. Kb5 f4 74. Kc6 f3 75. Kb7 Bxe5 76. Bf2 g4 77. a7 g3 78. Bxg3 Bxg3 79. a8=Q Kf5 80. Kc6 f2 81. Qf8+ Kg4 82. Kc5 e5 83. Kd5 Bf4 84. Qg8+ Kf3 85. Ke6 f1=Q 86. Qa8+ Kf2 87. Qe4 Kg1 88. Kf5 Qg2 89. Ke6 Qxe4 0-1


[Site "https://www.chess.com"]

[Event "Titled Tuesday Blitz June 20 Late 2023"]
[White "Santos Ruiz, Miguel"]
[Black "Fiorito, Francisco"]
[WhiteFideId "22291482"]
[BlackFideId "180165"]
[WhiteElo "2499"]
[BlackElo "2319"]
[Result "0-1"]
[Round "10"]
[TimeControl "180+2"]
[Date "2023.06.20"]
[WhiteClock "0:00:00"]
[BlackClock "0:00:24"]
[Board "22"]

1. e4 e5 2. Nf3 Nf6 3. Nxe5 d6 4. Nd3 Nxe4 5. Qe2 Qe7 6. Nf4 c6 7. d4 Nf6 8. h4 h5 9. f3 Bf5 10. c3 Qxe2+ 11. Bxe2 d5 12. Nd2 Bd6 13. Nf1 g6 14. Kf2 Kf8 15. Ng3 Bd7 16. Bd3 Kg7 17. Bd2 Na6 18. Bxa6 bxa6 19. Nd3 a5 20. b3 Rhc8 21. Ne2 Rab8 22. Bf4 Bxf4 23. Nexf4 a4 24. Nc5 a3 25. Rhe1 Re8 26. Rxe8 Rxe8 27. b4 Bf5 28. Ne2 Re7 29. Ng3 Bc8 30. Rb1 Nd7 31. Nxd7 Rxd7 32. Rb3 Ba6 33. Rxa3 Bc4 34. Ra5 Re7 35. a3 f6 36. Rc5 Re6 37. a4 a6 38. Nh1 f5 39. Kg3 Kf7 40. Nf2 Ke7 41. Nh3 Kd7 42. Nf4 Rf6 43. Kf2 Rd6 44. Ra5 Kc7 45. Ke3 Kb6 46. Rc5 Rf6 47. Kf2 Rd6 48. Kg3 Kc7 49. Nh3 Kd7 50. Kf4 Bf1 51. Kg3 Bc4 52. Ng5 Rf6 53. Kf4 Kd6 0-1


[Site "https://www.chess.com"]

[Event "Titled Tuesday Blitz June 20 Late 2023"]
[White "Can, Isik"]
[Black "De La Villa Garcia, Jesus Maria"]
[WhiteFideId "6383742"]
[BlackFideId "2200040"]
[WhiteElo "2374"]
[BlackElo "2596"]
[Result "1-0"]
[Round "10"]
[TimeControl "180+2"]
[Date "2023.06.20"]
[WhiteClock "0:01:00"]
[BlackClock "0:00:15"]
[Board "23"]

1. d4 Nf6 2. c4 e6 3. Nf3 d5 4. Nc3 dxc4 5. e4 Bb4 6. Bg5 h6 7. Bxf6 Qxf6 8. Bxc4 c5 9. O-O cxd4 10. e5 Qd8 11. Ne4 O-O 12. Qe2 Nc6 13. Rad1 Be7 14. a3 Qa5 15. Ng3 b5 16. Bd3 Bb7 17. Qe4 g6 18. Qg4 Kh7 19. h4 Qc7 20. Rfe1 Kh8 21. h5 g5 22. Rc1 Kg7 23. Nxd4 Qb6 24. Qe4 Rh8 25. Rxc6 Bxc6 26. Nxc6 Bc5 27. Re2 a5 28. Qf3 Rac8 29. Be4 Rc7 30. Rd2 b4 31. Qf6+ Kg8 32. Rd8+ Bf8 33. Rxf8+ 1-0


[Site "https://www.chess.com"]

[Event "Titled Tuesday Blitz June 20 Late 2023"]
[White "Mahdavi, Reza"]
[Black "Ladron De Guevara Pinto, Paolo"]
[WhiteFideId "12595926"]
[BlackFideId "2290847"]
[WhiteElo "2395"]
[BlackElo "2398"]
[Result "1-0"]
[Round "10"]
[TimeControl "180+2"]
[Date "2023.06.20"]
[WhiteClock "0:00:50"]
[BlackClock "0:00:00"]
[Board "24"]

1. e4 c5 2. Nf3 e6 3. d4 cxd4 4. Nxd4 a6 5. Nc3 b5 6. Bd3 Qb6 7. Nf3 d6 8. a4 bxa4 9. Nxa4 Qc7 10. Be3 Nd7 11. O-O Ngf6 12. Ra3 d5 13. Rc3 Qa5 14. exd5 Nxd5 15. Be4 Nxc3 16. Nxc3 Rb8 17. Bd4 Bb7 18. Bxb7 Rxb7 19. Re1 Nf6 20. Ne5 Be7 21. Qf3 Qc7 22. Nc6 O-O 23. Nxe7+ Qxe7 24. Bxf6 gxf6 25. Nd5 exd5 26. Rxe7 Rxe7 27. h3 Rd8 28. Qxf6 Rdd7 29. Qxa6 d4 30. Qa8+ Kg7 31. Qf3 Re1+ 32. Kh2 Re6 33. h4 h6 34. h5 Kf8 35. b4 Ke7 36. b5 Rdd6 37. Qf4 Kf8 38. g4 Ke7 39. Qf3 Rf6 40. Qe4+ Rfe6 41. Qb7+ Kf6 42. Qc7 Kg7 43. Kg3 Rf6 44. Qc5 Rfe6 45. b6 Rxb6 46. Qxd4+ Kg8 47. c4 Rbc6 48. c5 Kf8 49. f4 Ra6 50. Kh4 Ke7 51. f5 Rf6 52. Qe5+ Kd8 53. g5 hxg5+ 54. Kxg5 Rfc6 55. f6 Re6 56. Qb8+ Kd7 57. Qb7+ Kd8 58. Qd5+ Kc8 59. Qf5 Ra1 60. Qf2 Rae1 61. Kh6 R1e3 62. Kg7 Re2 63. Qf3 R2e3 64. Qa8+ Kc7 65. Kxf7 R6e5 66. h6 Rf3 67. h7 Ref5 68. Qa7+ Kc6 69. Qb6+ Kd5 70. Qe6+ Kd4 71. h8=Q 1-0


[Site "https://www.chess.com"]

[Event "Titled Tuesday Blitz June 20 Late 2023"]
[White "O`Gorman, Tom"]
[Black "Lin, Dachey"]
[WhiteFideId "2508249"]
[BlackFideId "2029650"]
[WhiteElo "2299"]
[BlackElo "2313"]
[Result "0-1"]
[Round "10"]
[TimeControl "180+2"]
[Date "2023.06.20"]
[WhiteClock "0:00:15"]
[BlackClock "0:00:14"]
[Board "25"]

1. e4 g6 2. d4 Bg7 3. Nc3 d5 4. exd5 Nf6 5. Bc4 Nbd7 6. Bb3 Nb6 7. Qf3 Bg4 8. Qg3 h5 9. h3 h4 10. Qd3 Bf5 11. Qf3 Qd7 12. Nge2 O-O-O 13. Nf4 g5 14. Nd3 g4 15. hxg4 Bxg4 16. Qf4 Bh6 17. Qe5 Bxc1 18. Rxc1 h3 19. gxh3 Bf3 20. Rg1 Qxh3 21. Qg3 Qxg3 22. Rxg3 Bxd5 23. Nxd5 Nbxd5 24. Ke2 Rh4 25. c3 Re4+ 26. Kd2 Rh4 27. Rg7 Rf8 28. Rcg1 c6 29. Ne5 Rf4 30. f3 Nd7 31. Nxd7 Kxd7 32. Bxd5 cxd5 33. Ke3 Rf6 34. R1g5 e6 35. f4 Rh8 36. f5 Rh3+ 37. Kf4 Kd6 38. Kg4 Rh2 39. fxe6 Kxe6 40. Re5+ Kd6 41. Rgg5 Rxb2 42. Rxd5+ Kc6 43. Rc5+ Kb6 44. Rgf5 Rg6+ 45. Kf4 a6 46. Ke4 Rg4+ 47. Kd5 Rg7 48. Rf6+ Ka7 49. a4 Rb3 50. Kc4 Rb1 51. a5 Rh7 52. Rc7 Rh5 53. Rfxf7 Rxa5 54. Rc5 Ra4+ 55. Kd3 Ra2 56. Rcc7 a5 57. d5 a4 58. Rf6 a3 59. d6 Rd1+ 60. Kc4 Rb2 61. Rc5 a2 62. Ra5+ Kb6 63. Ra4 a1=Q 64. d7+ Kc7 65. d8=Q+ Kxd8 66. Rd6+ Rxd6 67. Rxa1 Kc7 0-1


[Site "https://www.chess.com"]

[Event "Titled Tuesday Blitz June 20 Late 2023"]
[White "Keleberda, Tymur"]
[Black "Fiorito, Joaquin"]
[WhiteFideId "14174294"]
[BlackFideId "180173"]
[WhiteElo "2198"]
[BlackElo "2199"]
[Result "0-1"]
[Round "10"]
[TimeControl "180+2"]
[Date "2023.06.20"]
[WhiteClock "0:01:17"]
[BlackClock "0:01:04"]
[Board "26"]

1. e4 c5 2. Nf3 d6 3. c3 Nf6 4. h3 Nc6 5. Bd3 e6 6. Bc2 Be7 7. d4 cxd4 8. cxd4 O-O 9. d5 Nb4 10. Nc3 Nxc2+ 11. Qxc2 a6 12. O-O b5 13. a3 Bb7 14. Rd1 e5 15. Be3 Rc8 16. Qb3 Nd7 17. a4 Nc5 18. Qb4 a5 19. Qxb5 Ba6 20. Qc6 Rxc6 21. dxc6 Nb3 22. Ra3 Bc4 23. Nd5 f5 24. Bb6 Qe8 25. c7 Qf7 26. Nd2 Nxd2 27. Rxd2 fxe4 28. Ne3 Be6 29. Rc3 Rc8 30. Bxa5 d5 31. Rc6 d4 32. Ng4 Bxg4 33. hxg4 Qb3 34. Rb6 Qxa4 35. Rb8 Qd7 36. b4 Kf7 37. b5 Rxc7 38. Bxc7 Qxc7 39. Kh2 Qxb8 40. Rb2 d3 41. b6 Bc5 42. b7 Ke6 43. Kg3 Kd5 44. g5 Kc4 45. Kg4 Kc3 46. Rb5 d2 47. Rxc5+ Kd4 48. Rc8 Qxb7 49. Rd8+ Qd5 50. Rxd5+ Kxd5 51. f3 exf3 52. gxf3 d1=Q 53. g6 h6 54. Kh4 Qh1+ 55. Kg4 Qg2+ 56. Kh4 Qg5+ 57. Kh3 Kd4 58. f4 exf4 59. Kh2 Ke3 60. Kh1 Kf2 61. Kh2 Qh5# 0-1


[Site "https://www.chess.com"]